 Dungeon Crawl Stone Soup version 0.17-a0-1996-gd2c0ec8 (webtiles) character file.

1145 glosham the Cleaver (level 8, -11/61 HPs)
             Began as a Human Fighter on Oct 7, 2015.
             Was an Initiate of Ru.
             Blown up by a crimson imp (22 damage)
             ... with a wand of disintegration
             ... on level 5 of the Dungeon.
             The game lasted 01:05:54 (4360 turns).

glosham the Cleaver (Human Fighter)                 Turns: 4360, Time: 01:05:54

Health: -11/61     AC:  7    Str: 18    XL:     8   Next: 64%
Magic:  8/8        EV: 13    Int: 10    God:    Ru [......]
Gold:   343        SH:  0    Dex: 15    Spells: 0 memorised, 7 levels left

rFire  + . .     SeeInvis .     a - +1 war axe
rCold  . . .     Clarity  .     X - +1 leather armour {rF+}
rNeg   + . .     SustAt   .     (no shield)
rPois  .         Gourm    .     U - +0 helmet (curse)
rElec  .         Spirit   .     Y - +0 cloak
rCorr  .         Warding  .     V - +0 pair of gloves
rMut   .         Stasis   .     (no boots)
MR     .....                    (no amulet)
Stlth  +.........               B - +3 ring of dexterity
                                A - ring of positive energy

@: not resistant to hostile enchantments, very unstealthy
A: no striking features
a: Renounce Religion


You were on level 5 of the Dungeon.
You worshipped Ru.
Ru was noncommittal.
You were not hungry.

You visited 1 branch of the dungeon, and saw 6 of its levels.

You collected 343 gold pieces.

Inventory:

Hand Weapons
 a - a +1 war axe (weapon)
 b - the +1 mace of Sudden Death {freeze, +Blink rC+ Str+3 Stlth+}
   (You found it on level 6 of the Dungeon)

   It has been specially enchanted to freeze those struck by it, causing extra
   injury to most foes and up to half again as much damage against particularly
   susceptible opponents.
   It can also slow down cold-blooded creatures.
   It affects your strength (+3).
   It protects you from cold.
   It lets you blink.
   It makes you more stealthy.
 c - a +0 blowgun
 d - a +0 hunting sling
 e - a +0 flail of pain
 l - a +0 mace of protection
Missiles
 f - 12 steel bolts
 g - 46 sling bullets
 k - 4 javelins (quivered)
 o - 53 arrows
 t - 46 bolts
 w - 3 needles of frenzy
 x - 3 curare-tipped needles
 y - 2 poisoned needles
 M - 14 poisoned arrows
Armour
 r - a +0 chain mail
 E - a +2 robe of cold resistance
 I - a +2 robe of positive energy
 U - a cursed +0 helmet (worn)
 V - a +0 pair of gloves (worn)
 X - a +1 leather armour of fire resistance (worn)
 Y - a +0 cloak (worn)
 Z - a +0 shield
Jewellery
 A - a ring of positive energy (left hand)
 B - a +3 ring of dexterity (right hand)
 D - an uncursed ring of fire
Wands
 F - a wand of frost (34)
Scrolls
 m - a scroll of remove curse
 q - a scroll of enchant weapon
 s - 3 scrolls of recharging
 H - 3 scrolls of amnesia
 K - a scroll of fear
Potions
 j - 6 potions of curing
 p - 2 potions of heal wounds
 z - a potion of mutation {!q}
 C - a potion of cure mutation {!q}
 G - 2 potions of ambrosia
 J - a potion of might
Comestibles
 h - 3 bread rations
 i - 3 fruits
 n - 9 chunks of flesh
 u - a meat ration
 v - 2 beef jerkies


   Skills:
 + Level 4.7 Fighting
 * Level 8.2 Axes
 - Level 3.0 Armour
 * Level 3.8 Dodging
 - Level 3.0 Shields


You had 7 spell levels left.
You didn't know any spells.

Dungeon Overview and Level Annotations

Branches:
Dungeon (6/15)
 Temple: D:4-7

Altars:
Cheibriados
Kikubaaqudgha
Makhleb
Ru
Vehumet


Message History

The iguana bites you but does no damage.
The crimson imp blinks!
You slash the iguana!
You kill the iguana!
Eat one of 4 chunks of flesh? (ye/n/q/i?) This raw flesh tastes terrible.
The crimson imp disappears for a moment.
The crimson imp blinks!
The crimson imp blinks!
Things that are here:
a giant club; an iguana corpse; an ogre corpse Butcher an ogre corpse? [(y)es/(c)hop/(n)o/(a)ll/(q)uit/?]
You butcher the ogre corpse.
You stop butchering the corpse.
A hobgoblin comes into view.
The crimson imp blinks!
The hobgoblin moves out of view.
The hobgoblin zaps a wand.
The puff of frost hits you!
* * * LOW HITPOINT WARNING * * *
It is a wand of frost.
Found 16 arrows.
You hit the hobgoblin but do no damage.
The crimson imp blinks!
The hobgoblin closely misses you.
You slash the hobgoblin!
You kill the hobgoblin!
The teleport trap disappears.
The crimson imp disappears!
Found 14 gold pieces.
F - a wand of frost {zapped: 1}
n - 7 chunks of flesh (gained 4)
Things that are here:
a giant club; an iguana corpse
Things that are here:
a giant club; an iguana corpse You butcher the iguana corpse.
n - 9 chunks of flesh (gained 2)
You see here a giant club.
Found a radiant altar of Vehumet.
o - 53 arrows (gained 16)
The crimson imp zaps a wand.
You are blasted!
You die...

#...#.## #..#
#...### .... #...#
#..## ###.# .... #.#
##..## #.# ######
....# #.#
#....###..### #.#
#.#.##8..$._# #.#
#.#.###8@.8##..
#.###.#.#...........
#..)......#.#.###...
#####.......#.# ..
###5#####.# . #...
.# ####.# .# # .#


You could see a crimson imp.

Vanquished Creatures
  The ghost of graki42 the Firebug, a novice TeFE of Vehumet (D:4)
  Sigmund (D:3)
  The ghost of Inverse the Charlatan, an amateur DrAr (D:3)
  A sky beast (D:2)
  An ogre (D:5)
  A giant frog (D:6)
  2 scorpions
  Ijyb (D:4)
  2 orc wizards
  A hound (D:5)
  2 iguanas
  Robin (D:2)
  8 adders
  6 gnolls
  A shadow imp (D:6)
  An ooze (D:4)
  An adder skeleton (D:4)
  2 worms
  A giant gecko (D:1)
  16 orcs
  A bat (D:2)
  6 giant cockroaches
  21 goblins
  11 hobgoblins
  8 jackals
  8 kobolds
  5 quokkas
  A ball python (D:3)
  A giant newt (D:2)
  2 rats
115 creatures vanquished.

Notes
Turn   | Place    | Note
--------------------------------------------------------------
     0 | D:1      | glosham the Human Fighter began the quest for the Orb.
     0 | D:1      | Reached XP level 1. HP: 18/18 MP: 1/1
   349 | D:1      | Reached XP level 2. HP: 21/24 MP: 2/2
   933 | D:2      | Reached skill level 3 in Axes
  1020 | D:2      | Found a faded altar to an unknown god.
  1082 | D:2      | Reached XP level 3. HP: 29/29 MP: 3/3
  1137 | D:2      | Found an ancient bone altar of Kikubaaqudgha.
  1296 | D:2      | Noticed Robin
  1325 | D:2      | Killed Robin
  1325 | D:2      | Reached skill level 4 in Axes
  1325 | D:2      | Reached XP level 4. HP: 31/35 MP: 4/4
  1895 | D:3      | Reached skill level 5 in Axes
  1895 | D:3      | Reached XP level 5. HP: 37/41 MP: 5/5
  1927 | D:3      | Noticed a sky beast
  1973 | D:2      | Killed a sky beast
  1973 | D:2      | Reached skill level 6 in Axes
  1973 | D:2      | Reached XP level 6. HP: 30/47 MP: 6/6
  2478 | D:3      | Noticed Inverse's ghost (amateur DrAr)
  2481 | D:3      | Killed Inverse's ghost
  2541 | D:3      | Noticed Sigmund
  2551 | D:3      | Killed Sigmund
  2551 | D:3      | Reached skill level 7 in Axes
  2551 | D:3      | Reached XP level 7. HP: 52/52 MP: 7/7
  2900 | D:4      | You fall through a shaft for 2 floors!
  2987 | D:6      | Reached skill level 1 in Dodging
  2993 | D:6      | Found a burning altar of Makhleb.
  2995 | D:6      | Found a snail-covered altar of Cheibriados.
  3026 | D:6      | Got a bone mace
  3027 | D:6      | Identified the +1 mace of Sudden Death {freeze, +Blink rC+ Str+3 Stlth+} (You found it on level 6 of the Dungeon)
  3031 | D:5      | Entered Level 5 of the Dungeon
  3187 | D:4      | Found a sacrificial altar of Ru.
  3196 | D:4      | Became a worshipper of Ru the Awakened
  3383 | D:4      | Reached skill level 4 in Fighting
  3585 | D:4      | Reached skill level 2 in Dodging
  3664 | D:4      | Noticed Ijyb
  3690 | D:4      | Killed Ijyb
  4014 | D:4      | Noticed graki42's ghost (novice TeFE)
  4032 | D:4      | Killed graki42's ghost
  4032 | D:4      | Reached skill level 3 in Dodging
  4032 | D:4      | Reached XP level 8. HP: 51/61 MP: 8/8
  4116 | D:4      | Reached skill level 8 in Axes
  4304 | D:5      | HP: 3/61 [ogre/giant club (17)]
  4329 | D:5      | HP: 5/61 [hobgoblin/wand of frost (10)]
  4353 | D:5      | Found a radiant altar of Vehumet.
  4360 | D:5      | Blown up by a crimson imp

Vault maps used:
D:1:      dpeg_arrival_rhombus, minmay_misc_feat_more_columns
D:2:      kiku_gazebo_pond_becter, first_bread, ecumenical_altar_2, uniq_robin
D:3:      serial_glass, glass_columns_a, glass_columns_b, glass_columns_a,
          glass_columns_a, glass_columns_a, glass_columns_b,
          lemuel_old_faithful, uniq_sigmund
D:4:      kennysheep_goblin_castle, overflow_temple_1_default
D:5:      minitemple, vehumet_altar_wand_db
D:6:      nicolae_overflow_hidden_temple, bh_walls_and_bars

Action                   |  1- 3 |  4- 6 |  7- 9 || total
-------------------------+-------+-------+-------++-------
Melee: War axe           |    84 |   193 |   133 ||   410
       Mace              |       |       |    13 ||    13
 Fire: Hunting sling     |       |     6 |     2 ||     8
       Blowgun           |       |       |     4 ||     4
Throw: Stone             |       |       |     1 ||     1
 Abil: Evoke Blink       |       |       |     1 ||     1
  Use: Scroll            |     6 |     4 |     8 ||    18
       Potion            |       |     3 |     2 ||     5
 Stab: Invisible         |       |     1 |       ||     1
  Eat: Chunk             |     1 |     5 |     7 ||    13

Table legend:
 A = Turns spent in this place as a percentage of turns spent in the entire game.
 B = Non-inter-level travel turns spent in this place as a percentage of non-inter-level travel turns spent in the entire game.
 C = Inter-level travel turns spent in this place as a percentage of turns spent in this place.
 D = Turns resting spent in this place as a percentage of non-inter-level travel turns spent in this place.
 E = Turns spent auto-exploring this place as a percentage of non-inter-level travel turns spent in this place.
 F = Non-inter-level travel turns spent in this place divided by the number of levels of this place that you've seen.
                   A       B       C       D       E      F
               +-------+-------+-------+-------+-------+----------------------
         Total | 100.0 | 100.0 |   0.4 |   0.9 |   0.5 | 503.0
       Dungeon | 100.0 | 100.0 |   0.4 |   0.9 |   0.5 | 503.0
               +-------+-------+-------+-------+-------+----------------------

Table legend:
 A = Kills in this place as a percentage of kills in entire the game.
 B = Kills by you in this place as a percentage of kills by you in the entire game.
 C = Kills by friends in this place as a percentage of kills by friends in the entire game.
 D = Other kills in this place as a percentage of other kills in the entire game.
 E = Experience gained in this place as a percentage of experience gained in the entire game.
 F = Experience gained in this place divided by the number of levels of this place that you have seen.
                   A       B       C       D       E      F
               +-------+-------+-------+-------+-------+----------------------
         Total | 100.0 | 100.0 |  -nan |  -nan | 100.0 | 272.7
       Dungeon | 100.0 | 100.0 |  -nan |  -nan | 100.0 | 272.7
               +-------+-------+-------+-------+-------+----------------------

Vault maps used:
D:1:      dpeg_arrival_rhombus, minmay_misc_feat_more_columns
D:2:      kiku_gazebo_pond_becter, first_bread, ecumenical_altar_2, uniq_robin
D:3:      serial_glass, glass_columns_a, glass_columns_b, glass_columns_a,
          glass_columns_a, glass_columns_a, glass_columns_b,
          lemuel_old_faithful, uniq_sigmund
D:4:      kennysheep_goblin_castle, overflow_temple_1_default
D:5:      minitemple, vehumet_altar_wand_db
D:6:      nicolae_overflow_hidden_temple, bh_walls_and_bars
